 Dungeon Crawl Stone Soup version 0.17-a0-1570-g74b7129 (webtiles) character file.

42992 Chiseanne the Nimble (level 13, -6/95 HPs)
             Began as a Demonspawn Wanderer on July 23, 2015.
             Was an Elder of Dithmenos.
             Splashed by a brown ugly thing's acid (7 damage)
             ... on level 15 of the Dungeon.
             The game lasted 01:28:12 (21992 turns).

Chiseanne the Nimble (Demonspawn Wanderer)         Turns: 21992, Time: 01:28:12

Health: -6/95      AC:  8    Str: 16    XL:     13   Next: 88%
Magic:  13/13      EV: 24    Int: 12    God:    Dithmenos [****..]
Gold:   463        SH:  5    Dex: 16    Spells: 4 memorised, 5 levels left

rFire  + . .     SeeInvis .     d - +3 whip (elec)
rCold  . . .     Clarity  .     I - +2 robe {MR+}
rNeg   + . .     SustAt   .     Q - +0 buckler
rPois  .         Gourm    .     E - +0 helmet
rElec  .         Spirit   .     K - +0 cloak
rCorr  .         Warding  .     B - +0 pair of gloves
rMut   .         Stasis   .     (no boots)
MR     +....                    (no amulet)
Stlth  ++++++++++               C - +3 ring of evasion
                                P - ring of positive energy

@: corroded equipment, wreathed by umbra, somewhat resistant to hostile
enchantments, uncannily stealthy
A: talons 1, iridescent scales 3, fire resistance 1, nightstalker 2
a: Shadow Step, Renounce Religion


You were on level 15 of the Dungeon.
You worshipped Dithmenos.
Dithmenos was greatly pleased with you.
You were not hungry.

You visited 2 branches of the dungeon, and saw 16 of its levels.
You also visited: Ossuary.

You collected 1083 gold pieces.
You spent 620 gold pieces at shops.

Inventory:

Hand weapons
 a - a +5 short sword
 d - a +3 whip of electrocution (weapon)
 s - a +1 dagger of venom
 w - a +5 blowgun
 L - a +2 hand axe of chopping
 W - a +3 falchion
Missiles
 J - a poisoned needle
Armour
 f - a +0 mottled dragon armour
 r - a troll hide
 A - a +0 shield
 B - a +0 pair of gloves (worn)
 E - a +0 helmet (worn)
 I - a +2 robe of magic resistance (worn)
 K - a +0 cloak (worn)
 Q - a +0 buckler (worn)
 R - a +0 large shield
Jewellery
 j - an uncursed ring of wizardry
 n - an uncursed ring of magical power
 C - a +3 ring of evasion (right hand)
 P - a ring of positive energy (left hand)
 Z - an uncursed ring of protection from magic
Magical devices
 h - a wand of digging (16)
 q - a wand of paralysis (3)
 y - a wand of teleportation (4)
Scrolls
 b - 2 scrolls of identify
 c - 2 scrolls of teleportation
 o - 3 scrolls of amnesia
 p - 2 scrolls of magic mapping
 t - 8 scrolls of remove curse
 u - 3 scrolls of recharging
 M - a scroll of blinking
Potions
 i - 2 potions of ambrosia
 k - 8 potions of curing
 m - 2 potions of cancellation
 v - 5 potions of brilliance
 x - 3 potions of magic
 D - a potion of flight
 S - 2 potions of resistance
 T - 2 potions of lignification
 U - 3 potions of mutation
Books
 z - a book of Debilitation

   Spells                             Type                      Level
   a - Corona                         Hexes                        1
   b - Slow                           Hexes                        2
   c - Gell's Gravitas                Hexes/Translocation          3
   d - Inner Flame                    Hexes/Fire                   3
   e - Cause Fear                     Hexes                        4
   f - Leda's Liquefaction            Hexes/Earth                  4
 F - a book of Changes

   Spells                             Type                      Level
   a - Beastly Appendage              Transmutation                1
   b - Sticks to Snakes               Transmutation                2
   c - Spider Form                    Transmutation/Poison         3
   d - Ice Form                       Ice/Transmutation            4
   e - Blade Hands                    Transmutation                5
 G - a book of Spatial Translocations

   Spells                             Type                      Level
   a - Apportation                    Translocation                1
   b - Blink                          Translocation                2
   c - Shroud of Golubria             Charms/Translocation         2
   d - Portal Projectile              Translocation                3
   e - Teleport Other                 Translocation                3
   f - Passage of Golubria            Translocation                4
 V - a book of Minor Magic

   Spells                             Type                      Level
   a - Magic Dart                     Conjuration                  1
   b - Blink                          Translocation                2
   c - Call Imp                       Summoning                    2
   d - Repel Missiles                 Charms/Air                   2
   e - Slow                           Hexes                        2
   f - Conjure Flame                  Conjuration/Fire             3
   g - Mephitic Cloud                 Conjuration/Poison/Air       3
 Y - a book of Air

   Spells                             Type                      Level
   a - Shock                          Conjuration/Air              1
   b - Swiftness                      Charms/Air                   2
   c - Repel Missiles                 Charms/Air                   2
   d - Static Discharge               Conjuration/Air              3
   e - Lightning Bolt                 Conjuration/Air              5
Miscellaneous
 X - a phial of floods
Comestibles
 e - 14 bread rations
 g - 7 meat rations
 l - a beef jerky


   Skills:
 - Level 6.8 Fighting
 - Level 12.0 Short Blades
 - Level 5.1 Armour
 - Level 12.7 Dodging
 - Level 11.9 Stealth
 + Level 5.4 Shields


You had 5 spell levels left.
You knew the following spells:

 Your Spells              Type           Power        Failure   Level  Hunger
a - Apportation           Tloc           #.........   34%         1    ##.....
b - Repel Missiles        Chrm/Air       #.....       52%         2    ###....
c - Swiftness             Chrm/Air       #.......     52%         2    ###....
d - Shroud of Golubria    Chrm/Tloc      #.........   52%         2    ###....


Dungeon Overview and Level Annotations

Branches:
Dungeon (15/15)            Temple (1/1) D:6            Lair (0/8) D:9
    Orc (0/4) D:9          Vaults (0/5) D:14
 Depths: D:15

Altars:
Dithmenos
Elyvilon
Fedhas
Gozag
Makhleb
Nemelex Xobeh
Qazlal
Ru
Sif Muna
Trog
Xom
The Shining One

Shops:
D:5 *   D:15 }

Annotations:
D:15 Louise


Innate Abilities, Weirdness & Mutations

You have sharp toenails.
You are completely covered in iridescent scales (AC +8).
Your flesh is heat resistant.
You are significantly more attuned to the shadows.


Message History

The brown ugly thing kicks you but does no damage.
You barely miss the brown ugly thing.
You claw the brown ugly thing, but do no damage.
The brown ugly thing is heavily wounded.
Your shadow closely misses the brown ugly thing.
The brown ugly thing kicks you!
You are splashed with acid!
The acid corrodes you!
The acid burns!
* * * LOW HITPOINT WARNING * * *
An ettin comes into view. It is wielding two dire flails.
The ettin shouts in stereo!
Things that are here:
a dagger; a robe; a large rock The brown ugly thing kicks you!
* * * LOW HITPOINT WARNING * * *
You are splashed with acid!
The acid corrodes you!
The acid burns!
* * * LOW HITPOINT WARNING * * *
The brown ugly thing kicks you.
* * * LOW HITPOINT WARNING * * *
You are splashed with acid!
The acid burns!
You die...

...#####...######.#..........####
.......†..(..(...................
##.#####.#..#####.###........####
#.# #†##.# #.# #........# ##.#
#.##.## #.# #........#
...#####.##..####.###.########
.............C().u##...#
########.###.###u.##...# #.#
#.###@.##...# #.# #..##..##.u.#
#.####.##..##...#
#.u.†us........u# #######.##.##..
#.##.# . # .#


You could see 2 ugly things.

Vanquished Creatures
  Frances (D:13)
  Azrael (D:14)
  2 hydras
  4 centaur warriors
  An ogre mage (D:13)
  2 tengu warriors (D:14)
  Urug (D:10)
  A deep elf knight (D:14)
  Sonja (D:13)
  2 unseen horrors
  A flayed ghost (D:11)
  Pikel (D:5)
  A necromancer (D:14)
  9 hill giants
  2 wizards (D:14)
  3 cyclopes
  2 manticores
  9 ugly things
  A moth of wrath (D:4)
  An efreet (D:11)
  A fire drake (D:9)
  A komodo dragon (D:13)
  2 tengu conjurers (D:14)
  A polar bear (shapeshifter) (D:13)
  3 two-headed ogres
  A jumping spider (D:15)
  2 trolls
  Grinder (D:6)
  Prince Ribbit (D:7)
  Edmund (D:5)
  2 wyverns (D:11)
  Sigmund (D:3)
  3 deep elf magi
  4 redbacks (D:15)
  A trapdoor spider (D:13)
  14 yaks
  4 fire elementals (D:14)
  6 hippogriffs
  3 wraiths
  7 vampire mosquitoes
  Menkaure (D:7)
  A hell hound (D:14)
  2 water moccasins (D:10)
  A soldier ant (D:11)
  6 orc warriors
  2 black bears
  3 phantoms
  A sky beast (shapeshifter) (D:12)
  5 ice beasts
  11 ogres
  A necrophage (D:7)
  2 eyes of draining
  A sky beast (D:14)
  8 centaurs
  2 big kobolds
  A boggart (D:13)
  2 crocodiles
  2 wasps
  7 giant frogs
  A wyvern skeleton (D:14)
  2 scorpions
  11 killer bees
  4 wights (D:11)
  A spriggan skeleton (D:12)
  A troll skeleton (D:12)
  3 giant frog zombies
  5 crimson imps
  9 orc priests
  4 centaur zombies
  10 jellies
  A giant frog skeleton (D:8)
  19 orc wizards
  Crazy Yiuf (D:5)
  10 centaur skeletons
  4 hounds
  3 iron imps (D:3)
  Jessica (D:3)
  9 worker ants
  3 iguanas
  2 sheep (D:14)
  5 mummies (Ossuary)
  2 worker ant zombies (D:6)
  Robin (D:2)
  16 adders
  6 gnolls
  6 shadow imps
  2 oozes (D:2)
  2 adder skeletons
  2 worms
  7 giant geckos
  55 orcs
  A ball python (D:1)
  14 bats
  A bat skeleton (D:5)
  4 giant cockroaches
  24 hobgoblins
  6 jackals
  12 kobolds
  6 quokkas
  A giant gecko skeleton (D:5)
  5 giant newts
  2 gnoll zombies (Ossuary)
  27 goblins
  A goblin zombie (Ossuary)
  A jackal skeleton (D:5)
  A kobold zombie (Ossuary)
  2 orc zombies (Ossuary)
  20 rats
500 creatures vanquished.

Vanquished Creatures (others)
  A slave (D:5)
  A killer bee (D:11)
  An orc (D:5)
  A bat (D:5)
  A bat skeleton (D:5)
  A kobold (D:5)
6 creatures vanquished.

Grand Total: 506 creatures vanquished

Notes
Turn   | Place    | Note
--------------------------------------------------------------
     0 | D:1      | Chiseanne the Demonspawn Wanderer began the quest for the Orb.
     0 | D:1      | Chiseanne set off with: a +2 spear, a +0 ring mail, a scroll of teleportation, a +0 dagger, a bread ration
     0 | D:1      | Reached XP level 1. HP: 21/21 MP: 1/1
   268 | D:1      | Gained mutation: You are slightly more attuned to the shadows. [demonic ancestry]
   268 | D:1      | Reached XP level 2. HP: 25/27 MP: 2/2
   313 | D:1      | Reached skill level 1 in Dodging
   681 | D:2      | Gained mutation: You are partially covered in iridescent scales (AC +4). [demonic ancestry]
   681 | D:2      | Reached XP level 3. HP: 29/33 MP: 3/3
   704 | D:2      | Found a shadowy altar of Dithmenos.
   712 | D:2      | Became a worshipper of Dithmenos the Shadowed
   889 | D:2      | Found a deep blue altar of Sif Muna.
   935 | D:2      | Reached XP level 4. HP: 30/39 MP: 4/4
  1271 | D:2      | Found a sacrificial altar of Ru.
  1404 | D:3      | Noticed Robin
  1675 | D:2      | Killed Robin
  1684 | D:2      | Reached XP level 5. HP: 15/44 MP: 5/5
  2028 | D:3      | Noticed Jessica
  2053 | D:3      | Killed Jessica
  2371 | D:3      | Noticed Sigmund
  2380 | D:3      | Killed Sigmund
  2380 | D:3      | Gained mutation: You are significantly more attuned to the shadows. [demonic ancestry]
  2380 | D:3      | Reached XP level 6. HP: 49/52 MP: 6/6
  2413 | D:3      | Found a burning altar of Makhleb.
  2822 | D:4      | Found a blossoming altar of Fedhas.
  3003 | D:4      | Acquired Dithmenos's first power
  3033 | D:4      | Reached XP level 7. HP: 47/57 MP: 7/7
  3442 | D:4      | Reached skill level 6 in Fighting
  3576 | D:4      | Noticed a moth of wrath
  3579 | D:4      | Found a bloodstained altar of Trog.
  3651 | D:4      | Killed a moth of wrath
  3651 | D:4      | Reached skill level 5 in Armour
  3651 | D:4      | Reached skill level 5 in Stealth
  3651 | D:4      | Gained mutation: You are mostly covered in iridescent scales (AC +6). [demonic ancestry]
  3651 | D:4      | Reached XP level 8. HP: 28/64 MP: 8/8
  4104 | D:5      | Entered Level 5 of the Dungeon
  4142 | D:5      | Noticed Pikel
  4158 | D:5      | Killed Pikel
  4673 | D:5      | Noticed Edmund
  4681 | D:4      | Acquired Dithmenos's second power
  4832 | D:5      | Found Ebrid's Assorted Antiques.
  4846 | D:5      | Bought a bronze ring for 140 gold pieces
  4846 | D:5      | Bought 2 scrolls of identify for 112 gold pieces
  4875 | D:5      | Reached skill level 5 in Dodging
  4890 | D:5      | Gained mutation: Your flesh is heat resistant. [demonic ancestry]
  4890 | D:5      | Reached XP level 9. HP: 69/69 MP: 9/9
  5155 | D:5      | Noticed Crazy Yiuf
  5159 | D:5      | Killed Crazy Yiuf
  5386 | D:5      | Reached skill level 7 in Stealth
  5398 | D:5      | Bought a scroll of identify for 56 gold pieces
  5433 | D:5      | Killed Edmund
  5457 | D:6      | Noticed Grinder
  5466 | D:6      | Killed Grinder
  5639 | D:6      | Found a stormy altar of Qazlal.
  5834 | D:6      | Found a sparkling altar of Nemelex Xobeh.
  6137 | D:6      | Found a staircase to the Ecumenical Temple.
  6167 | Temple   | Entered the Ecumenical Temple
  6482 | Temple   | Reached skill level 8 in Stealth
  6593 | D:6      | Reached skill level 5 in Short Blades
  7413 | D:7      | Noticed Prince Ribbit
  7418 | D:7      | Killed Prince Ribbit
  7639 | D:7      | Gained mutation: You are completely covered in iridescent scales (AC +8). [demonic ancestry]
  7639 | D:7      | Reached XP level 10. HP: 76/76 MP: 5/10
  7833 | D:7      | Noticed Menkaure
  7836 | D:7      | Killed Menkaure
  8434 | D:8      | Reached skill level 9 in Stealth
  8490 | D:8      | Found a sand-covered staircase.
  8505 | Ossuary  | Entered an ossuary
  8582 | Ossuary  | Acquired Dithmenos's third power
  9149 | D:8      | Found an opulent altar of Gozag.
  9156 | D:8      | Found a shimmering altar of Xom.
 10112 | D:9      | Found a staircase to the Orcish Mines.
 10262 | D:9      | Found a glowing golden altar of the Shining One.
 10434 | D:9      | Found a white marble altar of Elyvilon.
 10464 | D:9      | Found a staircase to the Lair.
 11075 | D:9      | Reached skill level 10 in Stealth
 11236 | D:10     | Entered Level 10 of the Dungeon
 11284 | D:10     | Noticed Urug
 11288 | D:10     | Killed Urug
 11288 | D:10     | Reached XP level 11. HP: 81/81 MP: 6/11
 11334 | D:10     | Got a spiked leather armour
 11374 | D:10     | Noticed a hill giant
 11376 | D:10     | Killed a hill giant
 11722 | D:10     | Noticed a hill giant
 11725 | D:10     | Killed a hill giant
 11767 | D:10     | Identified the cursed +0 leather armour "Jefeh" {Int+3} (You took it off a hobgoblin on level 10 of the Dungeon)
 11840 | D:10     | Killed an unseen horror
 12547 | D:11     | Reached skill level 11 in Stealth
 12612 | D:11     | Noticed a five-headed hydra
 12613 | D:11     | Noticed a hill giant
 12630 | D:11     | Killed a hill giant
 12642 | D:11     | Killed a five-headed hydra
 12792 | D:11     | Noticed a flayed ghost
 12881 | D:11     | Killed a flayed ghost
 13150 | D:11     | Noticed a six-headed hydra
 13421 | D:11     | Reached XP level 12. HP: 47/88 MP: 12/12
 13846 | D:11     | Killed an unseen horror
 14076 | D:11     | Noticed a fire giant
 14076 | D:11     | Reached skill level 10 in Dodging
 14465 | D:11     | Noticed a hill giant
 14474 | D:11     | Killed a hill giant
 14583 | D:11     | Noticed an entropy weaver
 15855 | D:12     | Found a runed door.
 16394 | D:12     | Reached skill level 10 in Short Blades
 17424 | D:13     | Learned a level 1 spell: Apportation
 17604 | D:13     | Noticed a centaur warrior
 17621 | D:13     | Killed a centaur warrior
 17634 | D:13     | Learned a level 2 spell: Repel Missiles
 17637 | D:13     | Learned a level 2 spell: Swiftness
 17640 | D:13     | Learned a level 2 spell: Shroud of Golubria
 17767 | D:13     | Noticed Sonja
 17770 | D:13     | Killed Sonja
 18022 | D:13     | Noticed Frances
 18024 | D:13     | Noticed an ogre mage
 18026 | D:13     | Noticed a centaur warrior
 18032 | D:13     | Killed Frances
 18040 | D:13     | Noticed a centaur warrior
 18057 | D:13     | Noticed a seven-headed hydra
 18419 | D:13     | Killed an ogre mage
 18419 | D:13     | Gained mutation: You have sharp toenails. [demonic ancestry]
 18419 | D:13     | Reached XP level 13. HP: 82/93 MP: 13/13
 18461 | D:13     | Killed a centaur warrior
 18694 | D:13     | Killed a seven-headed hydra
 19008 | D:13     | Killed a centaur warrior
 19008 | D:13     | Reached skill level 12 in Dodging
 20122 | D:14     | Found a gate to the Vaults.
 20768 | D:14     | Noticed Azrael
 20777 | D:14     | Killed Azrael
 21054 | D:15     | Entered Level 15 of the Dungeon
 21118 | D:15     | Noticed Louise
 21520 | D:15     | Found Zezun's Gadget Boutique.
 21526 | D:15     | Bought a wand of teleportation (4) for 312 gold pieces
 21899 | D:15     | Reached skill level 5 in Shields
 21992 | D:15     | HP: 1/95 [brown ugly thing (6)]
 21992 | D:15     | Splashed by a brown ugly thing's acid

Vault maps used:
D:1:      onia_arrival_handbag
D:2:      lemuel_coloured_pillars_altar, nicolae_overflow_crystal_walls,
          overflow_temple_1_default
D:3:      demons_altar, uniq_jessica, uniq_sigmund, uniq_robin
D:4:      lemuel_crystal_altar, tgw_trog, first_bread
D:5:      serial_shops, shop, uniq_edmund, uniq_crazy_yiuf_cottage, uniq_pikel
D:6:      nemelex_deck, kennysheep_mini_moat, temple_statues, uniq_grinder
D:7:      uniq_prince_ribbit1, uniq_menkaure
D:8:      amethyst_overflow_temple_binary, nicolae_ossuary_entry_monument
D:9:      tso_oasis_becter, minmay_lair_entry_lava, orc_0_dummy,
          elyvilon_altar_4
D:10:     uniq_urug
D:11:     hangedman_cross_veins
D:12:     hangedman_tell_no_tales
D:13:     kennysheep_big_flooded_room, uniq_sonja, uniq_frances
D:14:     david_vaults_1, nicolae_benzene_ring, uniq_azrael
D:15:     hangedman_depths_entry_civil_slaughter,
          minmay_misc_feat_secret_circle, serial_shops, shop,
          minmay_hidden_floor, uniq_agnes, uniq_louise
Temple:   minmay_temple_bridge_a_8
Ossuary:  ossuary_crypta

Action                   |  1- 3 |  4- 6 |  7- 9 | 10-12 | 13-15 || total
-------------------------+-------+-------+-------+-------+-------++-------
Melee: Spear             |    40 |       |       |       |       ||    40
       Short sword       |    52 |   162 |   105 |    50 |       ||   369
       Dagger            |       |       |   272 |   593 |   175 ||  1040
       Whip              |       |       |    33 |   359 |   180 ||   572
 Fire: Blowgun           |       |       |       |     5 |    20 ||    25
Throw: Tomahawk          |       |       |       |     1 |       ||     1
Invok: Shadow Step       |       |       |     6 |    14 |     1 ||    21
Evoke: Wand              |       |       |     1 |    18 |     9 ||    28
       Phial of floods   |       |       |       |     1 |       ||     1
  Use: Scroll            |     7 |     5 |     7 |    21 |     3 ||    43
       Potion            |       |     1 |       |     8 |     1 ||    10
 Stab: Sleeping          |     3 |     6 |    37 |    78 |    26 ||   150
       Distracted        |       |       |     3 |    14 |     5 ||    22
       Confused          |       |       |       |     2 |     1 ||     3
  Eat: Chunk             |       |     7 |    16 |    25 |       ||    48
       Beef jerky        |       |       |       |     5 |     1 ||     6
       Fruit             |       |       |       |     5 |       ||     5
       Pizza             |       |       |       |     1 |       ||     1
       Royal jelly       |       |       |       |       |     4 ||     4
